 Dungeon Crawl Stone Soup version 0.29-a0-323-g050149af67 (webtiles) character file.

Game seed: 18145010394444267278

273 zishaf the Shooter (level 6, -4/57 HPs)
             Began as a Naga Hunter on Apr 11, 2022.
             Slain by a gnoll
             ... wielding a +0 flail
              (5 damage)
             ... on level 3 of the Dungeon.
             The game lasted 00:03:14 (2115 turns).

zishaf the Shooter (Naga Hunter)                    Turns: 2115, Time: 00:03:14

Health: -4/57      AC:  5    Str: 14    XL:     6   Next: 24%
Magic:  6/6        EV:  9    Int:  9    God:
Gold:   139        SH:  0    Dex: 22    Spells: 5/5 levels left

rFire   . . .      SeeInvis +   a - +1 shortbow
rCold   . . .      Faith    .   (shield currently unavailable)
rNeg    . . .      Spirit   .   d - +1 ring mail
rPois   +          Reflect  .   (no helmet)
rElec   .          Harm     .   (no cloak)
rCorr   .          Rampage  .   (no gloves)
Will    .....                   (no barding)
Stlth   +.........              (no amulet)
HPRegen 0.19/turn               o - +6 ring of dexterity
MPRegen 0.10/turn               (no ring)

@: short of breath, silenced, very slow
A: AC +2, large, see invisible, deformed body, poison resistance, slowness 2,
spit poison 1, naga tail 1
a: Spit Poison


You were on level 3 of the Dungeon.
You visited 1 branch of the dungeon, and saw 3 of its levels.

You collected 139 gold pieces.

Inventory:

Hand Weapons
 a - a +1 shortbow (weapon)
 e - a +1 antimagic war axe
Armour
 b - a +0 leather armour
 d - a +1 ring mail (worn)
Jewellery
 o - a +6 ring of dexterity (left hand)
Scrolls
 c - a scroll of immolation
 f - 2 scrolls of identify
 m - a scroll of teleportation {unknown}
 p - 3 scrolls of fog {unknown}
 q - a scroll of noise {unknown}
 t - a scroll of brand weapon {unknown}
Potions
 g - a potion of cancellation
 h - a potion of magic {unknown}
 k - 3 potions of curing {unknown}
 l - a potion of invisibility {unknown}
 n - a potion of flight {unknown}
 r - a potion of haste {unknown}
 s - a potion of mutation {unknown}


   Skills:
 + Level 3.9 Fighting
 * Level 5.8 Bows
 - Level 1.5 Dodging
 - Level 1.5 Stealth


You had 5 spell levels left.
You didn't know any spells.
Your spell library contained the following spells:

 Spells                   Type           Power      Damage    Failure   Level
 Dazzling Flash           Conj/Hex       0%         N/A       94%         3
 Tukima's Dance           Hex            0%         N/A       94%         3
 Passage of Golubria      Tloc           0%         N/A       100%        4
 Agony                    Necr           0%         N/A       100%        5
 Silence                  Hex/Air        0%         N/A       100%        5
 Yara's Violent Unravell  Hex/Tmut       0%         3d3       100%        5


Dungeon Overview and Level Annotations

Branches:
Dungeon (3/15)

Altars:


Innate Abilities, Weirdness & Mutations

Your serpentine skin is tough. (AC +2)
You have supernaturally acute eyesight. (SInv)
Armour fits poorly on your strangely shaped body.
Your system is resistant to poisons. (rPois)
You cover ground very slowly.
You can spit poison.
You have a snake-like lower body.


Message History

The adder hisses angrily.
The gnoll barely misses you. The gnoll hits you with a +0 whip!
You shoot an arrow. The arrow hits the gnoll.
You kill the gnoll!
The gnoll throws a throwing net.
The throwing net hits you.
You become entangled in the net!
You struggle against the net.
The gnoll hits you with a +0 flail.
You don't know any spells.
You struggle against the net.
The gnoll hits you with a +0 flail.
You rip the net and break free!
You have got your breath back.
The gnoll hits you with a +0 club. The gnoll hits you with a +0 flail.
Aiming: Spit Poison (1% risk of failure)
Press: ? - help, Shift-Dir - straight line, f - gnoll
Aim: a gnoll, wielding a +0 club (65% to hit)
The splash of poison hits the gnoll.
The gnoll is poisoned.
The gnoll is lightly wounded.
The gnoll hits you with a +0 flail. The gnoll hits you with a +0 club!
The gnoll hits you with a +0 flail!
As you read the scroll labelled YRILID PIAZI, it crumbles to dust.
It is a scroll of enchant armour.
Your +0 ring mail glows green for a moment.
The gnoll hits you with a +0 flail!
* * * LOW HITPOINT WARNING * * *
The gnoll hits you with a +0 club.
* * * LOW HITPOINT WARNING * * *
The gnoll hits you with a +0 flail!
* * * LOW HITPOINT WARNING * * *
As you read the scroll labelled SYIXKE XIXEI, it crumbles to dust.
It is a scroll of identify.
g - a potion of cancellation The gnoll closely misses you.
The gnoll hits you with a +0 club.
* * * LOW HITPOINT WARNING * * *
The gnoll misses you.
An adder comes into view.
As you read the scroll labelled HASYOSCH XEEQ, it crumbles to dust.
A profound silence engulfs you.
It was a scroll of silence.
The gnoll hits you but does no damage. The gnoll barely misses you.
The gnoll hits you with a +0 flail.
You die...

#..# #... .... #..# #...
... #..# #... ..S
#..#########... ## ..
###...†.......###
...##.##.......#####.###
...)...#.......# #....
.....Sg#.......# #####
#...Sg@.......#
######g###+#### #$# #.#
#.. ##. . .#


You could see 3 gnolls, 2 adders and a ball python.

Vanquished Creatures
  Sigmund (D:2)
  Jessica (D:3)
  An orc wizard (D:2)
  A gnoll (D:3)
  A worm (D:2)
  2 dart slugs (D:1)
  4 orcs (D:2)
  2 endoplasms
  3 giant cockroaches
  5 goblins
  3 hobgoblins (D:2)
  3 kobolds
  A quokka (D:2)
  6 ball pythons
  5 bats
  7 rats
46 creatures vanquished.

Notes
Turn   | Place    | Note
-------+----------+-------------------------------------------
     0 | D:1      | zishaf the Naga Hunter began the quest for the Orb.
     0 | D:1      | Reached XP level 1. HP: 19/19 MP: 1/1
   146 | D:1      | Reached XP level 2. HP: 26/26 MP: 2/2
   206 | D:1      | Found a faded altar of an unknown god.
   300 | D:1      | Reached skill level 4 in Bows
   803 | D:2      | Reached XP level 3. HP: 33/33 MP: 3/3
   903 | D:2      | Reached XP level 4. HP: 14/40 MP: 4/4
  1372 | D:2      | Noticed Sigmund
  1380 | D:2      | Killed Sigmund
  1381 | D:2      | Reached skill level 5 in Bows
  1381 | D:2      | Reached XP level 5. HP: 12/50 MP: 1/5
  1381 | D:2      | Reached XP level 6. HP: 14/57 MP: 2/6
  1928 | D:3      | Noticed Jessica
  1933 | D:3      | Killed Jessica
  2113 | D:3      | HP: 2/57 [gnoll/+0 flail (7)]
  2115 | D:3      | Slain by a gnoll

Illustrated notes

Levels and vault maps discovered:
D:1:      saegor_arrival_simple_b, layout_loops_ring,
          chequers_ecumenical_altar_twisty
D:2:      layout_basic, uniq_sigmund
D:3:      layout_basic, tgw_xom, tso_altar, serial_shops, nicolae_shop_trees,
          uniq_terence, uniq_jessica, uniq_natasha

Skill      XL: |  1  2  3  4 |
---------------+-------------+-----
Bows           | 4 5 |  5.8
Fighting       | 3 |  3.9
Dodging        | |  1.5
Stealth        | |  1.5

Action                   |  1- 3 |  4- 6 || total
-------------------------+-------+-------++-------
Melee: War axe           |       |     5 ||     5
 Fire: Shortbow          |    48 |    46 ||    94
 Abil: Spit Poison       |     1 |     4 ||     5
  Use: Scroll            |       |     3 ||     3
Armor: Ring mail         |     2 |     3 ||     5
Dodge: Dodged            |     5 |    11 ||    16

Table legend: (Time is in decaauts)
 A = Elapsed time spent in this place.
 B = Non-inter-level travel time spent in this place.
 C = Inter-level travel time spent in this place.
 D = Time resting spent in this place.
 E = Time spent auto-exploring this place.
 F = Levels seen in this place.
 G = Mean time per level.
                   A        B        C        D        E       F      G
               +--------+--------+--------+--------+--------+-----+--------+
         Total |   2629 |   2598 |     31 |    210 |   2050 |   3 |  876.3 |
       Dungeon |   2629 |   2598 |     31 |    210 |   2050 |   3 |  876.3 |
               +--------+--------+--------+--------+--------+-----+--------+

Top non-repeatable levels by time:
     D:2: 1403 daAuts
     D:1: 934 daAuts
     D:3: 292 daAuts
